 Dungeon Crawl Stone Soup version 0.18.1-50-g88ac8fd (webtiles) character file.

355 Drunkenshrew the Skirmisher (level 6, 0/56 HPs)
             Began as a Hill Orc Fighter on Oct 2, 2016.
             Slain by a gnoll
             ... wielding a +2 flail of crushing
              (2 damage)
             ... on level 4 of the Dungeon.
             The game lasted 00:09:21 (2472 turns).

Drunkenshrew the Skirmisher (Hill Orc Fighter)      Turns: 2472, Time: 00:09:24

Health: 0/56       AC: 15    Str: 19    XL:     6   Next: 63%
Magic:  6/6        EV:  9    Int:  8    God:
Gold:   149        SH: 10    Dex: 12    Spells: 0 memorised, 5 levels left

rFire  + . .     SeeInvis .     k - +2 mace (protect)
rCold  . . .     Gourm    .     l - +2 ring mail {rF+}
rNeg   . . .     Faith    .     c - +0 shield
rPois  .         Spirit   .     s - +0 helmet
rElec  .         Dismiss  .     n - +0 cloak
rCorr  .         Reflect  .     (no gloves)
SustAt .         Harm     .     (no boots)
MR     .....                    b - amulet of regeneration
Stlth  ..........               p - +1 ring of evasion
                                m - ring of loudness (curse)

@: not resistant to hostile enchantments, extremely unstealthy
A: no striking features
a: no special abilities


You were on level 4 of the Dungeon.
You were hungry.

You visited 1 branch of the dungeon, and saw 4 of its levels.

You collected 149 gold pieces.

Inventory:

Hand Weapons
 a - a +0 war axe
 k - a +2 mace of protection (weapon)
Armour
 c - a +0 shield (worn)
 l - a +2 ring mail of fire resistance (worn)
 n - a +0 cloak (worn)
 s - a +0 helmet (worn)
Jewellery
 b - an amulet of regeneration (around neck)
 m - a cursed ring of loudness (left hand)
 p - a +1 ring of evasion (right hand)
Scrolls
 g - 2 scrolls of noise {unknown}
 h - 3 scrolls of recharging {unknown}
 j - 4 scrolls of identify {unknown}
 o - 3 scrolls of remove curse {unknown}
 r - 3 scrolls of teleportation {unknown}
 t - a scroll of fear {unknown}
Potions
 d - a potion of might
 e - 2 potions of curing {unknown}
 i - a potion of brilliance {unknown}
 u - a potion of invisibility {unknown}
 v - a potion of mutation {unknown}
 w - 2 potions of lignification {unknown}
Comestibles
 f - 3 bread rations
 q - 4 meat rations
 x - 6 fruits
 z - a chunk of flesh


   Skills:
 + Level 5.3 Fighting
 - Level 3.0(3.8) Axes
 + Level 2.9(3.3) Maces & Flails
 + Level 4.8 Armour
 + Level 5.0 Shields


You had 5 spell levels left.
You didn't know any spells.

Dungeon Overview and Level Annotations

Branches:
Dungeon (4/15)
 Temple: D:4-7

Altars:
Qazlal

Annotations:
D:4 Eustachio


Message History

You sock the gnoll!
You kill the gnoll!
The river rat barely misses you. You block the gnoll's attack.
The gnoll hits you from afar with a halberd of chopping!
* * * LOW HITPOINT WARNING * * *
x2 Eustachio mumbles some strange words.
You hit the gnoll.
The gnoll is moderately wounded.
The river rat bites you but does no damage.
The white imp picks up a beetle and eats it.
The gnoll hits you but does no damage. The gnoll barely misses you.
You block the river rat's attack.
You closely miss the gnoll.
The gnoll is moderately wounded.
The white imp disappears in a puff of smoke!
Eustachio mumbles some strange words.
Eustachio blinks!
You block the river rat's attack.
The gnoll hits you with a flail of crushing!
* * * LOW HITPOINT WARNING * * *
You die...

### ... #.#
#.# #g# #g#
#@# #r#
#.###r##
#...rb§#
#####§.#
#55#
.#####..###
........5..#
...........#


You could see an iron imp, 2 gnolls, 2 river rats, 2 white imps, a bat and a
rat.

Vanquished Creatures
  Duvessa (D:3)
  Dowan (D:3)
  A howler monkey (D:4)
  A worker ant (D:3)
  A hound skeleton (D:4)
  A gnoll (D:4)
  6 adders
  An ooze (D:3)
  A dart slug (D:3)
  2 giant geckos
  7 orcs (D:3)
  7 bats (D:1)
  A giant cockroach (D:3)
  4 hobgoblins
  2 jackals (D:2)
  4 kobolds
  2 quokkas
  2 ball pythons
  5 giant newts
  3 goblins
  6 rats
59 creatures vanquished.

Notes
Turn   | Place    | Note
--------------------------------------------------------------
     0 | D:1      | Drunkenshrew the Hill Orc Fighter began the quest for the Orb.
     0 | D:1      | Reached XP level 1. HP: 19/19 MP: 1/1
   102 | D:1      | Reached XP level 2. HP: 20/27 MP: 2/2
  1098 | D:2      | Found a stormy altar of Qazlal.
  1239 | D:2      | Reached XP level 3. HP: 33/33 MP: 3/3
  1577 | D:3      | Reached skill level 1 in Maces & Flails
  1577 | D:3      | Reached XP level 4. HP: 36/40 MP: 4/4
  2264 | D:4      | Noticed Eustachio
  2271 | D:4      | Noticed Dowan
  2271 | D:4      | Noticed Duvessa
  2293 | D:3      | Reached XP level 5. HP: 47/47 MP: 5/5
  2302 | D:3      | Killed Duvessa
  2302 | D:3      | Reached skill level 5 in Fighting
  2302 | D:3      | Reached XP level 6. HP: 41/56 MP: 6/6
  2328 | D:3      | Killed Dowan
  2377 | D:4      | Reached skill level 5 in Shields
  2472 | D:4      | HP: 2/56 [gnoll/flail of crushing (7)]
  2472 | D:4      | Slain by a gnoll

Skill      XL: |  1  2  3  4  5  6 |
---------------+-------------------+-----
Axes           | 3 |  3.0
Fighting       | 4 5 |  5.3
Shields        | 4 5 |  5.0
Maces & Flails | 1 2 |  2.9
Armour         | 4 |  4.8

Action                   |  1- 3 |  4- 6 || total
-------------------------+-------+-------++-------
Melee: War axe           |    37 |       ||    37
       Mace              |    88 |   192 ||   280
  Use: Potion            |       |     1 ||     1
  Eat: Chunk             |     2 |     3 ||     5
Armor: Scale mail        |    14 |       ||    14
       Ring mail         |    52 |   126 ||   178
Dodge: Dodged            |    50 |   134 ||   184
Block: Shield            |    70 |   140 ||   210
